 Dungeon Sprint DCSS version 0.20-b1 (webtiles) character file.

139 potatolord6000 the Skirmisher (level 5, -6/45 HPs)
             Began as a Demonspawn Gladiator on May 19, 2017.
             Was an Initiate of Gozag.
             Mangled by a wraith (13 damage)
             ... in the Dungeon (Sprint IX: "|||||||||||||||||||||||||||||").
             The game lasted 00:02:12 (374 turns).

potatolord6000 the Skirmisher (Demonspawn Gladiator) Turns: 374, Time: 00:02:12

Health: -6/45      AC:  6    Str: 19    XL:     5   Next: 1%
Magic:  5/5        EV: 14    Int: 12    God:    Gozag
Gold:   0          SH:  0    Dex: 14    Spells: 4/4 levels left

rFire    . . .     SeeInvis .   a - +0 long sword
rCold    . . .     Gourm    .   (no shield)
rNeg     . . .     Faith    .   b - +0 leather armour
rPois    .         Spirit   .   c - +0 helmet
rElec    .         Reflect  .   n - +0 cloak
rCorr    .         Harm     .   (no gloves)
MR       .....     NoTele   +   (no boots)
Stlth    +.........             (no amulet)
Regen    0.2/turn               p - +3 ring of strength
MPRegen  0.1/turn               o - +3 ring of intelligence

@: lethally poisoned (-6 -> -7), very slightly contaminated, hasted and slowed,
invisible
A: rugged brown scales 1, demonic guardian 1, rot immunity
a: Potion Petition, Call Merchant, Bribe Branch, Renounce Religion


You were in the Dungeon.
You worshipped Gozag.
Gozag was noncommittal.
You were not hungry.

You visited 1 branch

Inventory:

Hand Weapons
 a - a +0 long sword (weapon)
Armour
 b - a +0 leather armour (worn)
 c - a +0 helmet (worn)
 n - a +0 cloak (worn)
Jewellery
 o - a +3 ring of intelligence (right hand)
 p - a +3 ring of strength (left hand)
Scrolls
 k - 2 scrolls of blinking
 l - 3 scrolls of remove curse
 m - 2 scrolls of amnesia
Potions
 e - 5 potions of curing
 g - a potion of heal wounds
 i - 4 potions of magic
 j - a potion of berserk rage
Comestibles
 f - a bread ration


   Skills:
 + Level 5.3 Fighting
 + Level 5.3 Long Blades
 - Level 1.7 Throwing
 + Level 4.3 Armour
 + Level 5.1 Dodging


You had 4 spell levels left.
You didn't know any spells.

Dungeon Overview and Level Annotations

Branches:
Dungeon (1/1)

Altars:
Cheibriados
Dithmenos
Elyvilon
Fedhas
Gozag
Hepliaklqana
Kikubaaqudgha
Makhleb
Nemelex Xobeh
Okawaru
Qazlal
Ru
Sif Muna
Trog
Uskayaw
Vehumet
Xom
Yredelemnul
Zin
The Shining One
Beogh
Jiyva
Lugonu


Innate Abilities, Weirdness & Mutations

You are partially covered in rugged brown scales. (AC +1, +3% HP)
A weak demonic guardian rushes to your aid.
You are immune to rotting.


Message History

You see here a +0 plate armour.
You feel sick.
You see here a +0 helmet.
Items here: ))))))
Your extra speed is starting to run out.
Things that are here:
a wand of iceblast (7/15); an uncursed staff of energy You feel sick.
The wraith completely misses you.
Items here: ))))))
You closely miss the wraith.
The wraith is moderately damaged.
The wraith hits you!
* * * LOW HITPOINT WARNING * * *
The wraith drains your vigour!
You feel as though you will be slow longer.
You hit the wraith.
The wraith is moderately damaged.
The wraith hits you!
You die...
Your body crumbles into a pile of gold.

▓.▓
$ $
▓.▓
▓$▓
$
▓.▓
▓Z▓
$
▓Z▓
▓W▓
$
▓W▓
▓@▓
$
▓/▓
$
▓.▓
$
▓.▓
$
▓'▓
$
▓_▓
▓_▓
$
▓_▓
$
▓_▓
$


You could see a phantom, a wraith, a quokka zombie and a bat skeleton.

Vanquished Creatures
  A crimson imp (D)
  A hound (D)
  2 worker ants (D)
  An ooze (D)
  A dart slug (D)
  A bat (D)
  A bat skeleton (D)
  2 hobgoblins (D)
  A quokka (D)
11 creatures vanquished.

Vanquished Creatures (collateral kills)
  A killer bee (D)
1 creature vanquished.

Grand Total: 12 creatures vanquished

Notes
Turn   | Place    | Note
-------+----------+-------------------------------------------
     0 | D        | potatolord6000 the Demonspawn Gladiator began the quest for the Orb.
     0 | D        | Reached XP level 1. HP: 16/16 MP: 1/1
     9 | D        | Reached skill level 1 in Armour
    13 | D        | Gained mutation: A weak demonic guardian rushes to your aid. [demonic ancestry]
    13 | D        | Reached XP level 2. HP: 15/23 MP: 2/2
   121 | D        | Noticed a crimson imp
   146 | D        | Gained mutation: You are partially covered in rugged brown scales. (AC +1, +3% HP) [demonic ancestry]
   146 | D        | Reached XP level 3. HP: 15/30 MP: 3/3
   167 | D        | Gained mutation: You are immune to rotting. [demonic ancestry]
   167 | D        | Reached XP level 4. HP: 17/39 MP: 4/4
   174 | D        | Found a roughly hewn altar of Beogh.
   174 | D        | Found a snail-covered altar of Cheibriados.
   174 | D        | Found a shadowy altar of Dithmenos.
   174 | D        | Found a white marble altar of Elyvilon.
   174 | D        | Found a blossoming altar of Fedhas.
   174 | D        | Found an opulent altar of Gozag.
   175 | D        | Found a hazy altar of Hepliaklqana.
   176 | D        | Found a viscous altar of Jiyva.
   177 | D        | Found an ancient bone altar of Kikubaaqudgha.
   178 | D        | Found a corrupted altar of Lugonu.
   179 | D        | Found a burning altar of Makhleb.
   180 | D        | Found a sparkling altar of Nemelex Xobeh.
   181 | D        | Found an iron altar of Okawaru.
   182 | D        | Became a worshipper of Gozag Ym Sagoz the Greedy
   183 | D        | Found a stormy altar of Qazlal.
   184 | D        | Found a sacrificial altar of Ru.
   185 | D        | Found a deep blue altar of Sif Muna.
   186 | D        | Found a bloodstained altar of Trog.
   187 | D        | Found a hide-covered altar of Uskayaw.
   188 | D        | Found a radiant altar of Vehumet.
   190 | D        | Found a shimmering altar of Xom.
   191 | D        | Found a basalt altar of Yredelemnul.
   192 | D        | Found a glowing silver altar of Zin.
   193 | D        | Found a glowing golden altar of the Shining One.
   333 | D        | Noticed a phantom
   333 | D        | Noticed a wraith
   342 | D        | Reached skill level 5 in Fighting
   342 | D        | Reached skill level 5 in Long Blades
   348 | D        | Reached skill level 5 in Dodging
   348 | D        | Reached XP level 5. HP: 14/45 MP: 5/5
   374 | D        | Mangled by a wraith

Skill      XL: |  1  2  3  4 |
---------------+-------------+-----
Armour         | 1 3 4 |  4.3
Long Blades    | 3 4 5 |  5.3
Dodging        | 3 4 5 |  5.1
Fighting       | 4 5 |  5.3
Throwing       | |  1.7

Action                   |  1- 3 |  4- 6 || total
-------------------------+-------+-------++-------
Melee: Long sword        |    21 |    28 ||    49
  Use: Potion            |       |     4 ||     4
Armor: Leather armour    |     7 |     5 ||    12
Dodge: Dodged            |    12 |    18 ||    30
       Rpst.: Long sword |     7 |     1 ||     8
